 Dungeon Crawl Stone Soup version 0.30.1-11-g7821555f0a (webtiles) character file.

Game seed: 14836856230371385937

40 Graphine the Caller (level 3, -3/24 HPs)
             Began as a Human Summoner on Nov 19, 2023.
             Slain by Terence
             ... wielding a +1 hand axe of electrocution
              (6 damage)
             ... on level 2 of the Dungeon.
             The game lasted 00:04:50 (1436 turns).

Graphine the Caller (Human Summoner)                Turns: 1436, Time: 00:04:51

Health: -3/24      AC:  2    Str:  8    XL:     3   Next: 72%
Magic:  0/6        EV: 12    Int: 17    God:
Gold:   36         SH:  0    Dex: 13    Spells: 0/6 levels left

rFire   . . .        c - +0 short sword
rCold   . . .        (no shield)
rNeg    . . .        a - +0 robe
rPois   .            (no helmet)
rElec   .            (no cloak)
rCorr   .            (no gloves)
SInv    .            (no boots)
Will    .....        (no amulet)
Stlth   ++           (no ring)
HPRegen 0.24/turn    (no ring)
MPRegen 0.10/turn

%: no passive effects
@: no status effects
A: no striking features
a: no special abilities


You were on level 2 of the Dungeon.
You visited 1 branch of the dungeon, and saw 2 of its levels.

You collected 36 gold pieces.

Inventory:

Hand Weapons
 c - a +0 short sword (weapon)
Armour
 a - a +0 robe (worn)
Scrolls
 h - a scroll of teleportation {unknown}
 i - a scroll of amnesia {unknown}
 j - a scroll of immolation {unknown}
Potions
 b - a potion of magic
 d - 2 potions of flight {unknown}
 e - a potion of haste {unknown}
 f - a potion of mutation {unknown}
 g - a potion of lignification {unknown}
 k - a potion of heal wounds {unknown}
 l - a potion of might {unknown}


   Skills:
 - Level 2.0 Dodging
 - Level 2.0 Stealth
 - Level 2.0 Spellcasting
 * Level 5.2 Summonings


You couldn't memorise any spells.
You knew the following spells:

 Your Spells              Type           Power      Damage    Failure   Level
a - Summon Small Mammal   Summ           76%        N/A       2%          1
b - Call Imp              Summ           38%        N/A       3%          2
c - Call Canine Familiar  Summ           19%        N/A       7%          3

Your spell library contained the following spells:

 Spells                   Type           Power      Damage    Failure   Level
 Summon Guardian Golem    Hex/Summ       10%        N/A       21%         3
 Summon Lightning Spire   Summ/Air       10%        N/A       54%         4


Dungeon Overview and Level Annotations

Branches:
Dungeon (2/15)

Altars:

Annotations:
D:2 Terence


Message History

The spell is quite dangerous to miscast (7% risk of failure)!
Continue anyway? [Y]es or [N]o only, please.
The spell is quite dangerous to miscast (7% risk of failure)!
Continue anyway?
You miscast Call Canine Familiar.
You are very lightly contaminated with residual magic.
Nothing appears to happen.
Casting: Call Canine Familiar (quite dangerous; 7% risk of failure)
Confirm with . or Enter, or press ? or * to list all spells.
A tiny devil pulls itself out of the air.
Your cerulean imp disappears in a puff of smoke!
Casting: Call Imp (safe; 3% risk of failure)
Confirm with . or Enter, or press ? or * to list all spells.
Your cerulean imp hits Terence but does no damage.
Terence hits your cerulean imp with a +1 hand axe of electrocution.
Terence completely misses your quokka.
Your cerulean imp hits Terence but does no damage.
Your quokka barely misses Terence.
Terence closely misses your cerulean imp.
Terence hits your quokka with a +1 hand axe of electrocution.
Lightning courses through your quokka!!
Your quokka dies!
Your quokka's corpse disappears in a puff of smoke!
Your cerulean imp barely misses Terence.
Terence screams, "I want your blood!"
Terence hits you with a +1 hand axe of electrocution.
You are electrocuted!
Ouch! That really hurt!
* * * LOW HITPOINT WARNING * * *
Terence hits your cerulean imp with a +1 hand axe of electrocution!
Terence attacks as you move away! Terence hits you but does no damage.
Terence hits your cerulean imp with a +1 hand axe of electrocution.
Your cerulean imp hits Terence with a -3 spear.
Terence hits your cerulean imp with a +1 hand axe of electrocution.
Your cerulean imp dies!
Your cerulean imp disappears in a puff of smoke!
Your magical contamination has completely faded away.
Casting: Summon Small Mammal (safe; 2% risk of failure)
Confirm with . or Enter, or press ? or * to list all spells.
Terence hits you with a +1 hand axe of electrocution.
You die...

....... .......
....... .......###
.........#
.........# ##
.##.###..# ......
#.###.@#+#+#......
#....$.@..........
#........b.......>
#.#####...........
# #...............
#.##............
#.......).......
#......)).......
#$..............
#...............


You could see Terence (ally target) and a friendly bat (summoned).

Vanquished Creatures
  2 dart slugs (D:1)
  A giant cockroach (D:1)
  A hobgoblin (D:1)
  A bat (D:1)
  A frilled lizard (D:1)
6 creatures vanquished.

Vanquished Creatures (collateral kills)
  3 orcs (D:2)
  7 endoplasms (D:1)
  A giant cockroach (D:1)
  2 hobgoblins (D:1)
  4 jackals (D:1)
  A quokka (D:1)
  A frilled lizard (D:1)
  A goblin (D:1)
  2 kobolds (D:1)
22 creatures vanquished.

Grand Total: 28 creatures vanquished

Notes
Turn   | Place    | Note
-------+----------+-------------------------------------------
     0 | D:1      | Graphine the Human Summoner began the quest for the Orb.
     0 | D:1      | Reached XP level 1. HP: 13/13 MP: 3/3
   104 | D:1      | Reached XP level 2. HP: 12/19 MP: 0/5
   107 | D:1      | Learned a level 2 spell: Call Imp
   546 | D:1      | Reached XP level 3. HP: 24/24 MP: 2/6
   550 | D:1      | Learned a level 3 spell: Call Canine Familiar
   822 | D:1      | Reached skill level 5 in Summonings
  1131 | D:1      | Found a faded altar of an unknown god.
  1425 | D:2      | Noticed Terence
  1436 | D:2      | Slain by Terence

Illustrated notes

Levels and vault maps discovered:
D:1:      dpeg_arrival_round_c, layout_basic, shapermc_ecumenical_altar_venn
D:2:      layout_basic, minmay_bisected, uniq_terence

Skill      XL: |  1  2  3 |
---------------+----------+-----
Summonings     | 5 |  5.2
Dodging        | |  2.0
Stealth        | |  2.0
Spellcasting   | |  2.0

Action                     || total
---------------------------++-------
  Melee: Short sword       ||    26
   Cast: Summon Small Mamm ||    19
         Call Imp          ||     9
         Call Canine Famil ||     4
 Armour: Robe              ||     5
  Dodge: Dodged            ||    11
